NCAA
TEXAS CHRISTIAN HORNED FROGS @ PENN STATE NITTANY LIONS
05/11/2023
 
TOP OF THE 1ST
Texas Christian Horned Frogs batting - Pitching for Penn State Nittany Lions : RHP Jeff Davis
Pitching: RHP Jeff Davis
Batting: LHB Miguel Martínez 0-0: Ground out 4-3 (Groundball, 4M)
Batting: RHB Dave Anderson 0-0: Called Strike
0-1: Ball
1-1: SINGLE (Line Drive, 89S)
Batting: RHB Brett Murphy 0-0: Ball
1-0: Foul Ball, location: 2F
1-1: Foul Ball, location: 2F
1-2: Foul Ball, location: 2F
1-2: Strikes out swinging
Batting: LHB Brenton Carter 0-0: Foul Ball, location: 2F
0-1: Ground out U3 (Groundball, 3S)
Top of the 1st over - 0 run(s), 1 hit(s), 0 error(s), 1 left on base; Texas Christian 0 - Penn State 0
BOTTOM OF THE 1ST
Penn State Nittany Lions batting - Pitching for Texas Christian Horned Frogs : RHP Jesús Moreno
Pitching: RHP Jesús Moreno
Batting: RHB Raúl Ruíz 0-0: Ball
1-0: Ball
2-0: Ball
3-0: Called Strike
3-1: Foul Ball, location: 2F
3-2: Fly out, F8 (Flyball, 8RM)
Batting: RHB Bob Cole 0-0: Called Strike
0-1: SOLO HOME RUN (Flyball, 7LD), Distance : 315 ft
Batting: RHB Sergio Gonzáles 0-0: Ball
1-0: Called Strike
1-1: Ball
2-1: Swinging Strike
2-2: Ball
3-2: Foul Ball, location: 2F
3-2: SINGLE (Groundball, 4MD)
Batting: RHB Tom Gordon 0-0: Ball
1-0: Ball
2-0: Ball
3-0: Called Strike
3-1: Base on Balls
Sergio Gonzáles to second
Batting: RHB William Rogers 0-0: Ball
1-0: Called Strike
1-1: Called Strike
1-2: Strikes out looking
Batting: SHB Jim Gibson 0-0: Ball
1-0: Ball
2-0: Ball
3-0: Called Strike
3-1: Base on Balls
Sergio Gonzáles to third
Tom Gordon to second
Batting: RHB Jim Anderson 0-0: Called Strike
0-1: Ball
1-1: Foul Ball, location: 2F
1-2: DOUBLE (Line Drive, 3)
Sergio Gonzáles scores
Tom Gordon scores
Jim Gibson to third
Batting: RHB Johnny Hood 0-0: Ball
Wild Pitch!
Jim Gibson scores
Jim Anderson to third
1-0: Reached on error, E5 (Groundball, 5)
Jim Anderson scores
Batting: RHB Tony Jones 0-0: Called Strike
0-1: Fly out, F9 (Flyball, 9LSF)
Bottom of the 1st over - 5 run(s), 3 hit(s), 1 error(s), 1 left on base; Texas Christian 0 - Penn State 5
TOP OF THE 2ND
Texas Christian Horned Frogs batting - Pitching for Penn State Nittany Lions : RHP Jeff Davis
Batting: RHB Greg Carpenter 0-0: Called Strike
0-1: Ball
1-1: Swinging Strike
1-2: Foul Ball, location: 2F
1-2: Foul Ball, location: 2F
1-2: Strikes out swinging
Batting: RHB Anthony Walsh 0-0: Swinging Strike
0-1: Ball
1-1: Ball
2-1: Foul Ball, location: 2F
2-2: Foul Ball, location: 2F
2-2: Strikes out swinging
Batting: LHB Garrett Cabrera 0-0: Called Strike
0-1: Ball
1-1: Foul Ball, location: 2F
1-2: Foul Ball, location: 2F
1-2: SINGLE (Line Drive, 4MD)
Batting: LHB Brandon Bingham 0-0: Fly out, F6 (Line Drive, 6)
Top of the 2nd over - 0 run(s), 1 hit(s), 0 error(s), 1 left on base; Texas Christian 0 - Penn State 5
BOTTOM OF THE 2ND
Penn State Nittany Lions batting - Pitching for Texas Christian Horned Frogs : RHP Jesús Moreno
Batting: RHB Raúl Ruíz 0-0: Called Strike
0-1: Fly out, F3 (Popup, 3S)
Batting: RHB Bob Cole 0-0: Called Strike
0-1: Ball
1-1: Fly out, F7 (Flyball, 78S)
Batting: RHB Sergio Gonzáles 0-0: Ball
1-0: Ball
2-0: Ground out 5-3 (Groundball, 5)
Bottom of the 2nd over - 0 run(s), 0 hit(s), 0 error(s), 0 left on base; Texas Christian 0 - Penn State 5
TOP OF THE 3RD
Texas Christian Horned Frogs batting - Pitching for Penn State Nittany Lions : RHP Jeff Davis
Batting: LHB Dave Green 0-0: Ground out 6-3 (Groundball, 56)
Batting: LHB Miguel Martínez 0-0: Called Strike
0-1: Called Strike
0-2: Ball
1-2: Fly out, F7 (Line Drive, 78S)
Batting: RHB Dave Anderson 0-0: Fly out, F9 (Flyball, 9D)
Top of the 3rd over - 0 run(s), 0 hit(s), 0 error(s), 0 left on base; Texas Christian 0 - Penn State 5
BOTTOM OF THE 3RD
Penn State Nittany Lions batting - Pitching for Texas Christian Horned Frogs : RHP Jesús Moreno
Batting: RHB Tom Gordon 0-0: Ball
1-0: Fly out, F3 (Popup, 3)
Batting: RHB William Rogers 0-0: Ball
1-0: Ball
2-0: Foul Ball, location: 2F
2-1: Ball
3-1: Ground out 6-3 (Groundball, 6)
Batting: SHB Jim Gibson 0-0: Ground out 6-3 (Groundball, 6M)
Bottom of the 3rd over - 0 run(s), 0 hit(s), 0 error(s), 0 left on base; Texas Christian 0 - Penn State 5
TOP OF THE 4TH
Texas Christian Horned Frogs batting - Pitching for Penn State Nittany Lions : RHP Jeff Davis
Batting: RHB Brett Murphy 0-0: Called Strike
0-1: Called Strike
0-2: Strikes out swinging
Batting: LHB Brenton Carter 0-0: Ball
1-0: Ball
2-0: Ball
3-0: Base on Balls
Batting: RHB Greg Carpenter 0-0: Called Strike
0-1: Foul Ball, location: 2F
0-2: SINGLE (Groundball, 56D) (infield hit)
Brenton Carter to second
Batting: RHB Anthony Walsh 0-0: Foul Ball, location: 2F
0-1: Swinging Strike
0-2: Strikes out swinging
Batting: LHB Garrett Cabrera 0-0: Ball
1-0: Called Strike
1-1: Foul Ball, location: 2F
1-2: SINGLE (Groundball, 34)
Brenton Carter to third
Greg Carpenter to second
Runner from 3rd tries for Home, SAFE, throw made home
Greg Carpenter to third
Garrett Cabrera to second
Batting: LHB Brandon Bingham 0-0: Called Strike
0-1: Ball
1-1: Called Strike
1-2: Foul Ball, location: 2F
1-2: Strikes out swinging
Top of the 4th over - 1 run(s), 2 hit(s), 0 error(s), 2 left on base; Texas Christian 1 - Penn State 5
BOTTOM OF THE 4TH
Penn State Nittany Lions batting - Pitching for Texas Christian Horned Frogs : RHP Jesús Moreno
Batting: RHB Jim Anderson 0-0: Ball
1-0: Foul Ball, location: 2F
1-1: Fly out, F9 (Flyball, 89M)
Batting: RHB Johnny Hood 0-0: Foul Ball, location: 2F
0-1: Foul Ball, location: 2F
0-2: Ground out 6-3 (Groundball, 6)
Batting: RHB Tony Jones 0-0: Called Strike
0-1: Ball
1-1: Ball
2-1: Ground out U3 (Groundball, 3)
Bottom of the 4th over - 0 run(s), 0 hit(s), 0 error(s), 0 left on base; Texas Christian 1 - Penn State 5
TOP OF THE 5TH
Texas Christian Horned Frogs batting - Pitching for Penn State Nittany Lions : RHP Jeff Davis
Batting: LHB Dave Green 0-0: Ball
1-0: Ball
2-0: Foul Ball, location: 2F
2-1: SINGLE (Line Drive, 78S)
Batting: LHB Miguel Martínez 0-0: Swinging Strike
0-1: Ball
1-1: Foul Ball, location: 2F
1-2: Strikes out swinging
Batting: RHB Dave Anderson 0-0: Ball
Dave Green steals 2nd base
1-0: Ball
2-0: Ball
3-0: Called Strike
3-1: Ground out 6-3 (Groundball, 6)
Batting: RHB Brett Murphy 0-0: Called Strike
0-1: Called Strike
0-2: Fly out, F8 (Flyball, 8RS)
Top of the 5th over - 0 run(s), 1 hit(s), 0 error(s), 1 left on base; Texas Christian 1 - Penn State 5
BOTTOM OF THE 5TH
Penn State Nittany Lions batting - Pitching for Texas Christian Horned Frogs : RHP Jesús Moreno
Batting: RHB Raúl Ruíz 0-0: Ball
1-0: Fly out, F6 (Line Drive, 6)
Batting: RHB Bob Cole 0-0: Ball
1-0: Called Strike
1-1: SINGLE (Groundball, 56D) (infield hit)
Batting: RHB Sergio Gonzáles 0-0: Ball
1-0: Ball
2-0: Ball
3-0: Base on Balls
Bob Cole to second
Batting: RHB Tom Gordon 0-0: Called Strike
0-1: DOUBLE (Line Drive, 78M)
Bob Cole scores
Sergio Gonzáles to third
Batting: RHB William Rogers 0-0: Ball
1-0: Called Strike
1-1: Swinging Strike
1-2: Ball
2-2: Strikes out swinging
Batting: SHB Jim Gibson 0-0: Ball
1-0: Ball
2-0: Called Strike
2-1: Ball
3-1: Foul Ball, location: 2F
3-2: Strikes out swinging
Bottom of the 5th over - 1 run(s), 2 hit(s), 0 error(s), 2 left on base; Texas Christian 1 - Penn State 6
TOP OF THE 6TH
Texas Christian Horned Frogs batting - Pitching for Penn State Nittany Lions : RHP Jeff Davis
Batting: LHB Brenton Carter 0-0: DOUBLE (Line Drive, 89D)
Batting: RHB Greg Carpenter 0-0: Foul Ball, location: 2F
0-1: DOUBLE (Flyball, 89D)
Brenton Carter scores
Batting: RHB Anthony Walsh 0-0: DOUBLE (Groundball, 5L)
Greg Carpenter scores
Batting: LHB Garrett Cabrera 0-0: Foul Ball, location: 2F
0-1: Ball
1-1: Ball
2-1: Ball
3-1: Foul Ball, location: 2F
3-2: Base on Balls
Pitching: RHP Fernando Peña
Batting: LHB Brandon Bingham 0-0: Ball
1-0: Called Strike
1-1: Called Strike
1-2: Strikes out swinging
Batting: LHB Dave Green 0-0: Called Strike
0-1: Swinging Strike
0-2: Strikes out swinging
Batting: LHB Miguel Martínez 0-0: Foul Ball, location: 2F
0-1: Ground out 1-3 (Groundball, 13)
Top of the 6th over - 2 run(s), 3 hit(s), 0 error(s), 2 left on base; Texas Christian 3 - Penn State 6
BOTTOM OF THE 6TH
Penn State Nittany Lions batting - Pitching for Texas Christian Horned Frogs : RHP Jesús Moreno
Pitching: RHP Ralph Lambert
Batting: RHB Jim Anderson 0-0: SOLO HOME RUN (Flyball, 7D), Distance : 365 ft
Batting: RHB Johnny Hood 0-0: Called Strike
0-1: Called Strike
0-2: Strikes out swinging
Batting: RHB Tony Jones 0-0: Ball
1-0: Swinging Strike
1-1: Ball
2-1: Foul Ball, location: 2F
2-2: Strikes out looking
Batting: RHB Raúl Ruíz 0-0: Ball
1-0: Fly out, F8 (Flyball, 8LD)
Bottom of the 6th over - 1 run(s), 1 hit(s), 0 error(s), 0 left on base; Texas Christian 3 - Penn State 7
TOP OF THE 7TH
Texas Christian Horned Frogs batting - Pitching for Penn State Nittany Lions : RHP Fernando Peña
Batting: RHB Dave Anderson 0-0: Ball
1-0: Called Strike
1-1: Fly out, F7 (Flyball, 78M)
Batting: RHB Brett Murphy 0-0: Ball
1-0: Called Strike
1-1: Ball
2-1: Ground out 1-3 (Groundball, 23)
Batting: LHB Brenton Carter 0-0: Ball
1-0: Ball
2-0: Ball
3-0: Base on Balls
Batting: RHB Greg Carpenter 0-0: SINGLE (Line Drive, 6)
Brenton Carter to second
Batting: RHB Anthony Walsh 0-0: Ball
1-0: Foul Ball, location: 2F
1-1: Called Strike
1-2: Strikes out swinging
Top of the 7th over - 0 run(s), 1 hit(s), 0 error(s), 2 left on base; Texas Christian 3 - Penn State 7
BOTTOM OF THE 7TH
Penn State Nittany Lions batting - Pitching for Texas Christian Horned Frogs : RHP Ralph Lambert
Batting: RHB Bob Cole 0-0: Called Strike
0-1: Ball
1-1: Ball
2-1: Swinging Strike
2-2: Strikes out swinging
Batting: RHB Sergio Gonzáles 0-0: Ball
1-0: Foul Ball, location: 2F
1-1: Foul Ball, location: 2F
1-2: Fly out, F7 (Line Drive, 7M)
Batting: RHB Tom Gordon 0-0: Ball
1-0: Called Strike
1-1: Fly out, F3 (Popup, 3SF)
Bottom of the 7th over - 0 run(s), 0 hit(s), 0 error(s), 0 left on base; Texas Christian 3 - Penn State 7
TOP OF THE 8TH
Texas Christian Horned Frogs batting - Pitching for Penn State Nittany Lions : RHP Fernando Peña
Pitching: RHP Tim Maddox
Batting: LHB Garrett Cabrera 0-0: Called Strike
0-1: DOUBLE (Groundball, 3L)
Batting: LHB Brandon Bingham 0-0: Ball
1-0: Ball
2-0: Ball
3-0: Base on Balls
Pitching: RHP Justin Jackson
Batting: LHB Dave Green 0-0: Ball
1-0: Called Strike
1-1: SINGLE (Groundball, 4MD)
Garrett Cabrera to third
Brandon Bingham to second
Runner from 3rd tries for Home, SAFE, throw made home
Batting: LHB Miguel Martínez 0-0: Called Strike
0-1: Ball
1-1: Foul Ball, location: 2F
1-2: Strikes out looking
Pitching: RHP Ed Sorensen
Batting: RHB Dave Anderson 0-0: Grounds into double play, 6-4-3 (Groundball, 6M)
Top of the 8th over - 1 run(s), 2 hit(s), 0 error(s), 1 left on base; Texas Christian 4 - Penn State 7
BOTTOM OF THE 8TH
Penn State Nittany Lions batting - Pitching for Texas Christian Horned Frogs : RHP Ralph Lambert
Pitching: RHP Tony Collins
Batting: RHB William Rogers 0-0: Ball
1-0: SOLO HOME RUN (Line Drive, 7D), Distance : 348 ft
Batting: SHB Jim Gibson 0-0: Called Strike
0-1: Swinging Strike
0-2: Strikes out swinging
Batting: RHB Jim Anderson 0-0: Called Strike
0-1: Ball
1-1: Fly out, F9 (Popup, 9S)
Batting: RHB Johnny Hood 0-0: Ball
1-0: Ball
2-0: Ball
3-0: Called Strike
3-1: Called Strike
3-2: Strikes out swinging
Bottom of the 8th over - 1 run(s), 1 hit(s), 0 error(s), 0 left on base; Texas Christian 4 - Penn State 8
TOP OF THE 9TH
Texas Christian Horned Frogs batting - Pitching for Penn State Nittany Lions : RHP Ed Sorensen
Batting: RHB Brett Murphy 0-0: Ball
1-0: SOLO HOME RUN (Flyball, 9LD), Distance : 339 ft
Pitching: LHP Felipe Díaz
Batting: LHB Brenton Carter 0-0: Ball
1-0: Foul Ball, location: 2F
1-1: Swinging Strike
1-2: Ground out 4-3 (Groundball, 4)
Batting: RHB Greg Carpenter 0-0: Ball
1-0: Ball
2-0: Ball
3-0: Called Strike
3-1: Foul Ball, location: 2F
3-2: Foul Ball, location: 2F
3-2: Foul Ball, location: 2F
3-2: Base on Balls
Batting: RHB Anthony Walsh 0-0: Ball
1-0: Foul Ball, location: 2F
1-1: Ball
2-1: Ball
3-1: Foul Ball, location: 2F
3-2: Foul Ball, location: 2F
3-2: Foul Ball, location: 2F
3-2: Strikes out looking
Batting: LHB Garrett Cabrera 0-0: Foul Ball, location: 2F
0-1: Ball
1-1: Ball
2-1: Foul Ball, location: 2F
2-2: Fly out, F6 (Popup, 6M)
Top of the 9th over - 1 run(s), 1 hit(s), 0 error(s), 1 left on base; Texas Christian 5 - Penn State 8
This league is powered by Out of the Park Baseball, the baseball management simulation game for PC, Mac and Linux
Wednesday, December 2nd, 2015 - OOTP Baseball 16.8 Build 38